Map: Ruins of Seras

Players

SticklerMac - Winner!

  • Race: Zerg Zerg
  • League: Silver

검은별

  • Race: Terran Terran
  • League: Silver

VOD

Have the link to the VOD?

Description

Time

  • Played on: Aug. 29, 2015, 2:22 a.m.
  • Length: 8:07
Show
View Real Time Build Order
Export as new Build Order

SticklerMac Zerg - Winner!

Build Orders: Hatch First 

Get SALT Encoding   

  12  0:01  Drone  
  13  0:08  Drone  
  14  0:17  Overlord  
  14  0:40  Overlord  
  14  0:54  Hatchery  
  14  0:55  Drone  
  14  1:01  Drone  
  15  1:05  Drone  
  16  1:22  Drone x2  
  18  1:28  Spawning Pool  
  18  1:30  Extractor  
  16  1:35  Drone  
  17  1:46  Drone  
  18  1:58  Drone  
  18  2:01  Drone  
  20  2:06  Drone  
  21  2:12  Drone  
  22  2:18  Drone  
  23  2:23  Drone  
  23  2:27  Queen x2  
  23  2:28  Drone  
  29  2:32  Drone  
  30  2:38  Drone  
  30  2:42  Drone  
  32  2:52  Drone  
  32  2:53  Hatchery  
  32  2:54  Drone  
  33  2:59  Metabolic Boost  
  33  3:03  Drone  
  33  3:04  Drone  
  35  3:10  Drone  
  36  3:17  Overlord  
  36  3:21  Overlord  
  36  3:28  Baneling Nest  
  36  3:30  Drone  
  36  3:34  Overlord x2  
  36  3:35  Overlord  
  36  3:36  Drone x2  
  36  3:40  Zergling x2  
  40  3:57  Drone  
  40  3:58  Drone x3  
  43  4:05  Zergling x2  
  43  4:06  Zergling x6  
  43  4:08  Drone  
  48  4:12  Baneling x2  
  48  4:13  Zergling x2  
  49  4:18  Hatchery  
  49  4:20  Drone x2  
  50  4:26  Queen  
  50  4:27  Queen  
  50  4:29  Overlord  
  54  4:33  Zergling x2  
  55  4:39  Zergling x8  
  55  4:40  Zergling x2  
  55  4:43  Zergling x2  
  60  4:55  Zergling x2  
  60  4:56  Zergling x2  
  62  5:01  Baneling x7  
  62  5:02  Baneling  
  62  5:03  Zergling x4  
  64  5:10  Zergling x4  
  64  5:11  Zergling x4  
  68  5:22  Zergling x4  
  68  5:27  Hatchery  
  69  5:31  Zergling x2  
  69  5:32  Zergling x4  
  72  5:35  Baneling  
  72  5:36  Baneling x6  
  72  5:37  Zergling x4  
  74  5:48  Zergling x12  
  74  5:49  Zergling x2  
  81  5:51  Zergling x2  
  82  5:59  Queen  
  82  6:00  Zergling x2  
  82  6:01  Zergling x2  
  86  6:12  Zergling x4  
  86  6:13  Zergling x4  
  86  6:17  Overlord x4  
  81  6:44  Zergling x12  
  81  6:45  Zergling x4  
  89  6:49  Zergling x2  
  89  6:50  Zergling x2  
  83  7:10  Zergling x2  
  83  7:11  Zergling x20  
  86  7:23  Zergling x2  
  86  7:24  Zergling x10  
  85  7:36  Zergling x8  
  81  7:44  Zergling x8  
  81  7:45  Zergling x6  
Show
View Real Time Build Order
Export as new Build Order

검은별 Terran 

Build Orders: Command Center First (CC) 

Get SALT Encoding   

  12  0:01  SCV  
  13  0:13  SCV  
  14  0:25  SCV  
  15  0:32  Supply Depot  
  15  0:55  SCV  
  16  1:00  Command Center  
  16  1:18  Barracks  
  16  1:23  SCV  
  17  1:36  SCV, Barracks  
  17  1:39  Refinery  
  18  1:48  SCV  
  18  1:54  Refinery  
  19  2:02  SCV  
  20  2:12  SCV  
  21  2:16  Barracks  
  21  2:21  Barracks  
  21  2:26  Marine  
  22  2:31  SCV  
  22  2:36  SCV  
  24  2:53  Factory  
  24  2:56  SCV  
  25  3:02  Marine  
  25  3:04  Marine  
  27  3:08  SCV  
  29  3:20  SCV  
  29  3:21  Marine x2  
  29  3:22  Marine  
  29  3:26  SCV  
  33  3:33  SCV  
  34  3:35  Refinery  
  34  3:37  Refinery  
  34  3:38  SCV  
  34  4:08  Starport  
  34  4:09  Armory  
  34  4:11  Starport  
  34  4:20  Barracks Tech Lab  
  34  4:21  Barracks Tech Lab  
  34  4:24  Barracks Tech Lab  
  34  4:30  Barracks Reactor  
  34  4:36  Supply Depot  
  34  4:51  Supply Depot  
  34  4:58  Liberator x2  
  34  5:01  Combat Shields  
  34  5:10  SCV x2  
  42  5:22  SCV  
  42  5:23  SCV  
  42  5:27  Engineering Bay  
  44  5:35  Orbital Command  
  44  5:37  SCV  
  45  5:43  Factory Tech Lab  
  45  5:50  Marine x4  
  45  5:52  Marine  
  45  5:54  Liberator  
  50  6:01  Missile Turret  
  50  6:02  Liberator  
  56  6:43  Marauder  
  56  6:44  Marauder x2  
  62  6:48  Siege Tank, Marine x2  
Tags
 
Add a new tag
Caveats
  • Supply blocks, unpowered buildings, or Contaminate may cause inaccurate times.
  • Supply counts are checked every 10 seconds.